 Dungeon Crawl Stone Soup version 0.20-a0-277-g7db01f4 (webtiles) character file.

32 FitzyFitz the Magician (level 3, -2/17 HPs)
             Began as a Spriggan Transmuter on Dec 12, 2016.
             Slain by a goblin
             ... wielding a +0 club
              (5 damage)
             ... on level 2 of the Dungeon.
             The game lasted 00:04:33 (1242 turns).

FitzyFitz the Magician (Spriggan Transmuter)        Turns: 1242, Time: 00:04:34

Health: -2/17      AC:  2    Str:  6    XL:     3   Next: 10%
Magic:  9/10       EV: 18    Int: 15    God:
Gold:   61         SH:  0    Dex: 16    Spells: 8/11 levels left

rFire  . . .     SeeInvis +       - Unarmed
rCold  . . .     Gourm    .     b - +0 robe
rNeg   . . .     Faith    .     (shield restricted)
rPois  .         Spirit   .     (helmet restricted)
rElec  .         Reflect  .     (no cloak)
rCorr  +         Harm     .     (gloves unavailable)
MR     .....                    (boots unavailable)
Stlth  +.........               (no amulet)
                                j - ring of flight
                                g - ring of resist corrosion

@: appendage, very quick
A: unfitting armour, talons 3, see invisible, herbivore 3, speed 3, slow
metabolism 2
a: End Transformation, Evoke Flight


You were on level 2 of the Dungeon.
You were not hungry.
You had grown temporary talons.
You visited 1 branch of the dungeon, and saw 2 of its levels.

You collected 61 gold pieces.

Inventory:

Hand Weapons
 f - a +0 spear
 t - a +0 rapier
 v - a cursed -1 dagger
Missiles
 a - 33 arrows
 e - 78 stones (quivered)
 h - 5 tomahawks
Armour
 b - a +0 robe (worn)
 u - a +0 buckler
Jewellery
 g - a ring of resist corrosion (left hand)
 j - a ring of flight (right hand)
 n - an uncursed amulet of faith
Scrolls
 i - a scroll of random uselessness {unknown}
 k - a scroll of fog {unknown}
 l - 2 scrolls of amnesia {unknown}
 m - 3 scrolls of identify {unknown}
 o - a scroll of remove curse {unknown}
 q - a scroll of enchant weapon {unknown}
 r - a scroll of blinking {unknown}
Potions
 p - a potion of curing {unknown}
 s - a potion of might {unknown}
Books
 c - a book of Changes

   Spells                             Type                      Level
   a - Beastly Appendage              Transmutation                1
   b - Sticks to Snakes               Transmutation                2
   c - Spider Form                    Transmutation/Poison         3
   d - Ice Form                       Ice/Transmutation            4
   e - Blade Hands                    Transmutation                5
Comestibles
 d - a bread ration


   Skills:
 - Level 0.7 Fighting
 - Level 3.0 Dodging
 - Level 2.4 Unarmed Combat
 + Level 4.5 Spellcasting
 - Level 2.6 Transmutations


You had 8 spell levels left.
You knew the following spells:

 Your Spells              Type           Power        Failure   Level  Hunger
a - Beastly Appendage     Tmut           ##....       8%          1    None
b - Sticks to Snakes      Tmut           ##......     12%         2    ##.....


Dungeon Overview and Level Annotations

Branches:
Dungeon (2/15)

Altars:


Innate Abilities, Weirdness & Mutations

You are very small and have problems with some larger weapons.
You are too small for most types of armour.
You have supernaturally acute eyesight. (SInv)
You are a herbivore.
You cover ground extremely quickly.
You need consume almost no food.
You have claws for feet.


Message History

You closely miss the goblin.
The goblin is severely wounded.
The goblin hits you with a club.
You barely miss the goblin.
The goblin is severely wounded.
The goblin misses you.
You hit the goblin but do no damage.
The goblin is heavily wounded.
The goblin hits you but does no damage.
You miss the goblin.
The goblin is heavily wounded.
The goblin hits you but does no damage.
Casting: Beastly Appendage
Confirm with . or Enter, or press ? or * to list all spells.
Your feet morph into talons.
The goblin hits you with a club.
* * * LOW HITPOINT WARNING * * *
You hit the goblin.
The goblin is severely wounded.
The goblin hits you with a club.
You die...

#..####.#.#
#...)...#.#
##.######.#
#..# #.#
##.# ###.##
#.# #....#
#.###....#
#..##..g.#
##.## #@#
#..# #.#
##.###.####
#).##....#
##.##.####
#..#.#
##.#.####
#...%...#
#.#..####


You could see a goblin.

Vanquished Creatures
  4 dart slugs
  A leopard gecko (D:2)
  2 bats
  5 goblins
  2 hobgoblins (D:1)
  A quokka (D:2)
  A frilled lizard (D:2)
  3 kobolds
  5 rats
24 creatures vanquished.

Notes
Turn   | Place    | Note
-------+----------+-------------------------------------------
     0 | D:1      | FitzyFitz the Spriggan Transmuter began the quest for the Orb.
     0 | D:1      | Reached XP level 1. HP: 9/9 MP: 5/5
   162 | D:1      | Reached skill level 3 in Spellcasting
   301 | D:1      | Reached XP level 2. HP: 14/14 MP: 5/7
   640 | D:1      | Reached skill level 4 in Spellcasting
   647 | D:1      | Learned a level 2 spell: Sticks to Snakes
  1044 | D:2      | Reached XP level 3. HP: 10/17 MP: 7/9
  1242 | D:2      | Slain by a goblin

Vault maps used:
D:1:      lemuel_arrival_cross, minmay_hedge_maze
D:2:      first_bread, uniq_crazy_yiuf_cottage, uniq_iyjb, uniq_natasha

Skill      XL: |  1  2 |
---------------+-------+-----
Spellcasting   | 3 4 |  4.5
Fighting       | |  0.7
Dodging        | |  3.0
Unarmed Combat | |  2.4
Transmutations | |  2.6

Action                   || total
-------------------------++-------
Melee: Unarmed           ||    86
       Punch             ||     2
       Kick              ||     1
       Headbutt          ||     5
Throw: Stone             ||     1
 Cast: Beastly Appendage ||     6
Armor: Robe              ||     5
Dodge: Dodged            ||    59
